 Dungeon Crawl Stone Soup version 0.28-b1-25-g9875b3fc8c (webtiles) character file.

Game seed: 4032715943372125652

77 4FPSwarrior the Conjurer (level 4, -1/25 HPs)
             Began as a Deep Elf Conjurer on Jan 31, 2022.
             Killed from afar by a rime drake (12 damage)
             ... with a flash freeze
             ... created by the adversity of Qazlal
             ... on level 3 of the Dungeon.
             The game lasted 00:06:50 (2542 turns).

4FPSwarrior the Conjurer (Deep Elf Conjurer)        Turns: 2542, Time: 00:06:52

Health: -1/25      AC:  3    Str:  4    XL:     4   Next: 14%
Magic:  8/12       EV: 16    Int: 23    God:
Gold:   155        SH:  0    Dex: 15    Spells: 7/11 levels left

rFire   . . .      SeeInvis .   c - +0 dagger
rCold   . . .      Faith    .   (no shield)
rNeg    . . .      Spirit   .   a - +0 robe
rPois   .          Reflect  .   (no helmet)
rElec   .          Harm     .   (no cloak)
rCorr   .          Rampage  .   (no gloves)
Will    .....                   m - +0 pair of boots
Stlth   ++........              (no amulet)
HPRegen 0.08/turn               h - +4 ring of evasion
MPRegen 0.13/turn               (no ring)

@: no status effects
A: no striking features
a: no special abilities


You were on level 3 of the Dungeon.
You visited 1 branch of the dungeon, and saw 4 of its levels.

You collected 155 gold pieces.

Inventory:

Hand Weapons
 c - a +0 dagger (weapon)
Missiles
 b - 30 stones
Armour
 a - a +0 robe (worn)
 m - a +0 pair of boots (worn)
Jewellery
 h - a +4 ring of evasion (left hand)
Scrolls
 d - a scroll of brand weapon
 g - a scroll of teleportation
 i - a scroll of enchant armour
 o - a scroll of summoning {unknown}
 p - a scroll of fear {unknown}
 r - a scroll of magic mapping {unknown}
Potions
 e - a potion of invisibility {unknown}
 f - a potion of magic {unknown}
 j - a potion of lignification {unknown}
 k - a potion of attraction {unknown}
 l - a potion of cancellation {unknown}
 n - a potion of haste {unknown}
 q - a potion of might {unknown}
 s - a potion of brilliance {unknown}


   Skills:
 + Level 1.2 Fighting
 - Level 2.4 Dodging
 - Level 2.4 Stealth
 + Level 4.0 Spellcasting
 * Level 5.4 Conjurations
 + Level 0.2 Hexes


You had 7 spell levels left.
You knew the following spells:

 Your Spells              Type           Power      Damage    Failure   Level
a - Magic Dart            Conj           100%       1d8       1%          1
b - Dazzling Flash        Conj/Hex       34%        N/A       10%         3

Your spell library contained the following spells:

 Spells                   Type           Power      Damage    Failure   Level
 Searing Ray              Conj           58%        2d6       1%          2
 Fulminant Prism          Conj/Hex       8%         3d7       32%         4
 Iskenderun's Mystic Bla  Conj/Tloc      17%        2d5       34%         4
 Olgreb's Toxic Radiance  Pois           4%         N/A       71%         4
 Ozocubu's Refrigeration  Ice            2%         4d5       100%        7
 Ignition                 Fire           2%         3d3       100%        8


Dungeon Overview and Level Annotations

Branches:
Dungeon (4/15)
 Temple: D:4-7

Altars:
Qazlal

Shops:
D:1 =

Annotations:
D:3 Sigmund


Message History

Level annotation: Sigmund
There is a stone staircase leading down here.
Unknown command.
Casting: Magic Dart (safe; 1% risk of failure)
Confirm with . or Enter, or press ? or * to list all spells.
Aiming: Magic Dart (safe; 1% risk of failure)
Press: ? - help, Shift-Dir - straight line, f - rime drake
Aim: a rime drake (durably summoned, 100% to hit)
The magic dart hits the rime drake.
The rime drake is lightly wounded.
The rime drake bites you.
Unknown command.
Casting: Magic Dart (safe; 1% risk of failure)
Confirm with . or Enter, or press ? or * to list all spells.
Aiming: Magic Dart (safe; 1% risk of failure)
Press: ? - help, Shift-Dir - straight line, f/p - rime drake
Aim: a rime drake (lightly wounded, durably summoned, 100% to hit)
The magic dart hits the rime drake.
The rime drake is lightly wounded.
The rime drake closely misses you. The rime drake bites you.
Unknown command.
Casting: Magic Dart (safe; 1% risk of failure)
Confirm with . or Enter, or press ? or * to list all spells.
Aiming: Magic Dart (safe; 1% risk of failure)
Press: ? - help, Shift-Dir - straight line, f/p - rime drake
Aim: a rime drake (lightly wounded, durably summoned, 100% to hit)
The magic dart hits the rime drake but does no damage.
The rime drake is lightly wounded.
The rime drake misses you.
Unknown command.
Casting: Magic Dart (safe; 1% risk of failure)
Confirm with . or Enter, or press ? or * to list all spells.
Aiming: Magic Dart (safe; 1% risk of failure)
Press: ? - help, Shift-Dir - straight line, f/p - rime drake
Aim: a rime drake (lightly wounded, durably summoned, 100% to hit)
The magic dart hits the rime drake.
The rime drake is lightly wounded.
The rime drake breathes ice at you. The flash freeze hits you!
You die...

#..........
#..........
###........
#........
#.................
#.................
#.................
#.................
#@k...............
##................
#................
#................
#................
#................
##................
#.................
#.................


You could see a rime drake (catching breath).

Vanquished Creatures
  A gnoll (D:1)
  2 adders
  A dart slug (D:2)
  5 ball pythons
  2 endoplasms (D:1)
  5 giant cockroaches
  8 goblins
  3 hobgoblins
  5 kobolds
  3 quokkas
  A bat (D:2)
  4 frilled lizards
  6 rats (D:1)
46 creatures vanquished.

Vanquished Creatures (others)
  3 fungi (D:1)
  2 plants (D:1)
5 creatures vanquished.

Grand Total: 51 creatures vanquished

Notes
Turn   | Place    | Note
-------+----------+-------------------------------------------
     0 | D:1      | 4FPSwarrior the Deep Elf Conjurer began the quest for the
                  | Orb.
     0 | D:1      | Reached XP level 1. HP: 10/10 MP: 6/6
    23 | D:1      | Found Ziec Puu's Jewellery Shop.
   177 | D:1      | Reached XP level 2. HP: 16/16 MP: 4/8
   574 | D:1      | Reached skill level 5 in Conjurations
   609 | D:1      | Reached XP level 3. HP: 20/20 MP: 7/10
   725 | D:1      | Found a faded altar of an unknown god.
   769 | D:1      | Reached skill level 1 in Fighting
  1365 | D:1      | Prayed at the altar of an unknown god.
  1365 | D:1      | Became a worshipper of Qazlal Stormbringer
  1365 | D:1      | Reached * piety under Qazlal
  1780 | D:2      | You fall into a shaft and drop 1 floor!
  1834 | D:3      | Reached XP level 4. HP: 25/25 MP: 6/11
  1838 | D:3      | Learned a level 3 spell: Dazzling Flash
  2342 | D:3      | Noticed Sigmund
  2464 | D:3      | Fell from the grace of Qazlal
  2526 | D:4      | Noticed a fire crab
  2526 | D:4      | Noticed a rime drake
  2542 | D:3      | Killed from afar by a rime drake

Illustrated notes

Levels and vault maps discovered:
D:1:      dpeg_arrival_pond, layout_loops_ring, shapermc_ecumenical_altar_gd,
          serial_shops, nicolae_shop_crystal, minmay_misc_feat_encased
D:2:      layout_loops_ring
D:3:      layout_basic, uniq_sigmund, uniq_natasha
D:4:      cheibrodos_fertilizer, layout_cave_pools, minmay_temple_entry_wispy,
          gammafunk_ghost_arena, nrook_mini_backslash, uniq_menkaure

Skill      XL: |  1  2  3  4 |
---------------+-------------+-----
Conjurations   | 5 |  5.4
Fighting       | 1 |  1.2
Spellcasting   | 4 |  4.0
Dodging        | |  2.4
Stealth        | |  2.4
Hexes          | |  0.2

Action                   |  1- 3 |  4- 6 || total
-------------------------+-------+-------++-------
Melee: Dagger            |     6 |       ||     6
       Punch             |     2 |       ||     2
 Cast: Magic Dart        |    67 |    20 ||    87
Invok: Renounce Religion |       |     1 ||     1
  Use: Scroll            |     3 |       ||     3
Armor: Robe              |       |     1 ||     1
Dodge: Dodged            |     4 |     8 ||    12
